 Dungeon Crawl Stone Soup version 0.27.1-34-g3ba077fa99 (webtiles) character file.

Game seed: 14602468322801913915

718 zeram the Blocker (level 7, -6/46 HPs)
             Began as an Octopode Fighter on Jan 21, 2022.
             Was an Initiate of Gozag.
             Splashed by an acid dragon's acid (14 damage)
             ... on level 5 of the Dungeon.
             The game lasted 00:05:46 (5102 turns).

zeram the Blocker (Octopode Fighter)                Turns: 5102, Time: 00:05:47

Health: -6/46      AC: -3    Str: 15    XL:     7   Next: 70%
Magic:  16/16      EV: 16    Int: 16    God:    Gozag
Gold:   453        SH: 14    Dex:  9    Spells: 6/6 levels left

rFire    . . .     SeeInvis .   a - +0 war axe
rCold    . . .     Faith    .   b - +4 kite shield
rNeg     . . .     Spirit   .   (helmet restricted)
rPois    +         Reflect  .   (no amulet)
rElec    .         Harm     .   d - ring of Pihi {EV+4 Int+4}
rCorr    .         Rampage  .   g - ring "Idiahaom" {Wiz rPois MP+9 Dex-3}
Will     .....                  (no ring)
Stlth    ++........             (no ring)
HPRegen  0.15/turn              (no ring)
MPRegen  0.15/turn              (no ring)
                                (no ring)
                                (no ring)

@: about to teleport, corroded
A: almost no armour, amphibious, 8 rings, camouflage 1, gelatinous body 1,
(nimble swimmer 1), tentacles
a: Renounce Religion, Potion Petition, Call Merchant, Bribe Branch


You were on level 5 of the Dungeon.
You worshipped Gozag.
Gozag was aware of your devotion.
You visited 1 branch of the dungeon, and saw 5 of its levels.

You collected 488 gold pieces.
You paid 35 gold pieces to Gozag.

Inventory:

Hand Weapons
 a - a +0 war axe (weapon)
Missiles
 f - 34 poisoned darts (quivered)
Armour
 b - a +4 kite shield (worn)
Jewellery
 d - the ring of Pihi (left tentacle) {EV+4 Int+4}
   (You acquired it on level 1 of the Dungeon)

   [ring of evasion]

   EV:        It affects your evasion (+4).
   Int:       It affects your intelligence (+4).
 g - the ring "Idiahaom" (right tentacle) {Wiz rPois MP+9 Dex-3}
   (You acquired it on level 2 of the Dungeon)

   [ring of wizardry]

   It improves your spell success rate.
   Dex:       It affects your dexterity (-3).
   rPois:     It protects you from poison.
   MP:        It affects your magic capacity (+9).
Scrolls
 j - a scroll of teleportation
 l - a scroll of blinking {unknown}
 m - 4 scrolls of amnesia
 p - a scroll of identify {unknown}
Potions
 c - a potion of attraction {unknown}
 e - 2 potions of degeneration {unknown}
 h - a potion of brilliance {unknown}
 i - a potion of invisibility {unknown}
 k - 3 potions of flight {unknown}
 n - a potion of heal wounds {unknown}
 o - a potion of haste {unknown}
 q - 2 potions of curing {unknown}


   Skills:
 - Level 3.0 Fighting
 - Level 2.0 Axes
 - Level 3.0 Dodging
 + Level 8.8 Shields


You had 6 spell levels left.
You didn't know any spells.
Your spell library contained the following spells:

 Spells                   Type           Power      Damage    Failure   Level
 Animate Skeleton         Necr           0%         N/A       22%         1
 Apportation              Tloc           0%         N/A       22%         1
 Corona                   Hex            0%         N/A       22%         1
 Summon Small Mammal      Summ           0%         N/A       22%         1
 Sublimation of Blood     Necr           0%         N/A       32%         2
 Wereblood                Tmut           0%         N/A       32%         2
 Call Canine Familiar     Summ           0%         N/A       52%         3
 Summon Guardian Golem    Hex/Summ       0%         N/A       52%         3
 Alistair's Intoxication  Tmut/Pois      0%         N/A       99%         5
 Borgnjor's Vile Clutch   Necr/Erth      0%         N/A       99%         5
 Eringya's Noxious Bog    Tmut/Pois      0%         N/A       100%        6
 Summon Hydra             Summ           0%         N/A       100%        7


Dungeon Overview and Level Annotations

Branches:
Dungeon (5/15)
 Temple: D:4-7

Altars:
Gozag
Xom
Yredelemnul

Shops:
D:3 (*


Innate Abilities, Weirdness & Mutations

You cannot wear most types of armour.
You are amphibious.
You can wear up to eight rings at the same time.
Your skin changes colour to match your surroundings (Stealth+).
Your rubbery body absorbs attacks. (AC +1, EV +1)
((You are camouflaged near water. (Stealth+)))
You have tentacles for arms and can constrict up to eight enemies at once.


Message History

No target in view!
No target in view!
Found 8 poisoned darts.
You now have 442 gold pieces (gained 11).
f - 34 poisoned darts (gained 8)
Found a glowing yellow potion.
e - 2 glowing yellow potions (gained 1)
Found a puce potion.
q - a puce potion
Found 11 gold pieces.
You now have 453 gold pieces (gained 11).
Found 18 stones.
You see here 18 stones.
Found a puce potion.
q - 2 puce potions (gained 1)
There is a stone staircase leading up here.
An acid dragon comes into view.
An acid dragon is nearby!
An acid dragon is nearby!
An acid dragon is nearby!
You completely miss the acid dragon.
The acid dragon roars!
You squeeze the acid dragon!
The acid dragon is heavily wounded.
The acid dragon spits acid at you. The splash of acid hits you!
The acid corrodes you!
You are splashed with acid.
You block the acid dragon's attack. The acid dragon claws you.
Okay, then.
As you read the scroll of teleportation, it crumbles to dust.
You feel strangely unstable. The acid dragon closely misses you.
The acid dragon claws you.
You hit the acid dragon.
You squeeze the acid dragon, but do no damage.
The acid dragon is heavily wounded.
The acid dragon spits acid at you. The splash of acid hits you!
* * * LOW HITPOINT WARNING * * *
You are splashed with acid!
You die...
Your body crumbles into a pile of gold.

##.....##
#......##.......# .#
....>.##.......# #.#
.....##.......# #..#
....###.....## ##..#
...##..<....# ......#
..##.......# ..# ..#
#D#........# #####.##
#@#.#.....##
..#(...#########...##...##
..................#####.#
..#...####..####..#####.#
.#....# #.<##.......#...#
......###>###.#####.#.###
....#..#..###.# #.#.#
....##........# #.#.#
##..[......<.## #.#.#


You could see an acid dragon (catching breath).

Vanquished Creatures
  Grinder (D:4)
  A necrophage (D:4)
  A water moccasin skeleton (D:3)
  A howler monkey (D:5)
  A centaur skeleton (D:5)
  An iguana (D:4)
  Natasha (thrice) (D:2)
  2 hound skeletons (D:4)
  4 adders
  7 gnolls
  2 ufetubi (D:4)
  An adder skeleton (D:4)
  5 orcs
  8 ball pythons
  11 endoplasms
  2 giant cockroaches
  9 goblins
  7 hobgoblins
  7 jackals
  4 quokkas
  3 bats (D:2)
  3 frilled lizards
  5 kobolds
  20 rats
109 creatures vanquished.

Notes
Turn   | Place    | Note
-------+----------+-------------------------------------------
     0 | D:1      | zeram the Octopode Fighter began the quest for the Orb.
     0 | D:1      | Reached XP level 1. HP: 16/16 MP: 1/1
    60 | D:1      | Reached XP level 2. HP: 14/21 MP: 2/2
   769 | D:1      | Reached skill level 4 in Shields
   800 | D:1      | Identified a scroll of acquirement
   800 | D:1      | Acquired the ring of Pihi {EV+4 Int+4}
   833 | D:2      | Noticed Natasha
   840 | D:2      | Killed Natasha
   841 | D:2      | Reached XP level 3. HP: 15/26 MP: 3/3
   851 | D:2      | Reached XP level 4. HP: 3/31 MP: 4/4
   918 | D:2      | Noticed Natasha
  1134 | D:2      | Killed Natasha
  1135 | D:2      | Reached skill level 5 in Shields
  1238 | D:2      | Found a faded altar of an unknown god.
  1394 | D:2      | Found a shimmering altar of Xom.
  1395 | D:2      | Noticed Natasha
  1401 | D:2      | Killed Natasha
  1402 | D:2      | Reached XP level 5. HP: 32/36 MP: 5/5
  1511 | D:2      | Acquired the ring "Idiahaom" {Wiz rPois MP+9 Dex-3}
  2116 | D:3      | Reached skill level 6 in Shields
  2290 | D:3      | Reached XP level 6. HP: 37/42 MP: 6/6
  2347 | D:3      | Found Bemosi's Antique Weapon Emporium.
  2397 | D:3      | Found Gozag's Platinum Reserve.
  2398 | D:3      | Found an opulent altar of Gozag.
  2409 | D:3      | Became a worshipper of Gozag Ym Sagoz the Greedy
  2536 | D:3      | Found a basalt altar of Yredelemnul.
  3024 | D:4      | Reached skill level 7 in Shields
  3324 | D:4      | Noticed a necrophage
  3332 | D:4      | Killed a necrophage
  3544 | D:4      | Noticed Grinder
  3549 | D:4      | Paralysed by Grinder for 3 turns
  3553 | D:4      | Paralysed by Grinder for 4 turns
  3560 | D:4      | Killed Grinder
  3561 | D:4      | Reached skill level 8 in Shields
  3561 | D:4      | Reached XP level 7. HP: 19/46 MP: 7/7
  4773 | D:5      | Entered Level 5 of the Dungeon
  5102 | D:5      | Splashed by an acid dragon's acid

Illustrated notes

Levels and vault maps discovered:
D:1:      minmay_arrival_four_circles, layout_basic, feat_on_display
D:2:      kennysheep_the_goblin_king, layout_rooms, basic_altar,
          shapermc_ecumenical_altar_notcrosses, uniq_natasha
D:3:      layout_loops_ring, nicolae_overflow_crystal_walls,
          nicolae_gozag_zags_fifth_avenue, serial_shops, nicolae_square_shop,
          minmay_misc_feat_chi, minmay_rat_hole
D:4:      layout_layer_cave, uniq_grinder
D:5:      layout_rooms, nicolae_ru_sacrificial_ziggurat, moated_statue,
          roderic_lattice_a, hangedman_decor_lopped, st_stairs_10

Skill      XL: |  1  2  3  4  5  6 |
---------------+-------------------+-----
Shields        | 4 5 6 8 |  8.8
Fighting       | |  3.0
Axes           | |  2.0
Dodging        | |  3.0

Action                   |  1- 3 |  4- 6 |  7- 9 || total
-------------------------+-------+-------+-------++-------
Melee: War axe           |    36 |   137 |    23 ||   196
       Constrict         |    11 |    35 |     6 ||    52
       Tentacles         |     4 |    26 |     9 ||    39
  Use: Scroll            |     4 |     6 |     2 ||    12
       Potion            |     1 |       |       ||     1
 Stab: Sleeping          |     4 |     8 |       ||    12
       Distracted        |       |     1 |       ||     1
Armor: Skin              |       |     4 |     2 ||     6
Dodge: Dodged            |    16 |    61 |    15 ||    92
Block: Kite shield       |    16 |   104 |    22 ||   142
